 Dungeon Crawl Stone Soup version 0.31-a0-705-ga145531891 (webtiles) character file.

Game seed: 15920702653270932478

7877 cheesebisquit the Protected (level 11, -12/101 HPs)
             Began as an Armataur Fighter on Sept 9, 2023.
             Was an Initiate of Yredelemnul.
             Mangled by a boulder beetle (16 damage)
             ... on level 10 of the Dungeon.
             The game lasted 00:35:29 (9643 turns).

cheesebisquit the Protected (Armataur Fighter)      Turns: 9643, Time: 00:35:30

Health: -12/101    AC: 14    Str: 22    XL:     11   Next: 2%
Magic:  15/15      EV:  4    Int: 11    God:    Yredelemnul [......]
Gold:   73         SH:  6    Dex: 17    Spells: 10/10 levels left

rFire   x . .        r - +5 dagger "Gaop" {freeze, +Blink rN++ Will+++}
rCold   + . .        c - +0 buckler
rNeg    + + .        W - +0 plate armour
rPois   +            (no helmet)
rElec   .            (no cloak)
rCorr   +            h - +0 pair of gloves
SInv    .            (no barding)
Will    +++..        m - amulet of regeneration Stlth
                     A - ring "Gitiulo" {Ice Fly rPois rCorr}
HPRegen 1.16/turn    D - +6 ring of dexterity
MPRegen 0.14/turn

%: roll
@: mighty, about to teleport, flying, studying Armour
A: large, rugged brown scales 3, deformed body, armoured tail, roll, long
tongue, awkward tongue
a: Renounce Religion, Evoke Blink, Recall Undead Harvest


You were on level 10 of the Dungeon.
You worshipped Yredelemnul.
Yredelemnul was noncommittal.
You visited 2 branches of the dungeon, and saw 11 of its levels.

You collected 541 gold pieces.
You spent 468 gold pieces at shops.

Inventory:

Hand Weapons
 a - a +0 flail
 d - a +0 whip
 g - a +0 sling
 r - the +5 dagger "Gaop" (weapon) {freeze, +Blink rN++ Will+++}
   (You took it off a goblin on level 2 of the Dungeon)

   rN++:      It greatly protects you from negative energy.
   Will+++:   It greatly increases your willpower.
   +Blink:    It lets you blink.
 t - a +2 rapier of venom
 S - a +2 short sword of electrocution
 T - a +0 morningstar
Missiles
 p - 5 curare-tipped darts
 E - 6 boomerangs
 F - 24 poisoned darts
Armour
 c - a +0 buckler (worn)
 h - a +0 pair of gloves (worn)
 Q - a +1 ring mail of positive energy
 U - +0 steam dragon scales
 W - a +0 plate armour (worn)
Jewellery
 m - an amulet of regeneration (around neck)
 A - the ring "Gitiulo" (left hand) {Ice Fly rPois rCorr}
   (You found it on level 4 of the Dungeon)

   [ring of ice]

   Ice:       It enhances your ice magic.
   rF-:       It makes you vulnerable to fire.
   rC+:       It protects you from cold.
   rPois:     It protects you from poison Fly: It grants you flight.
   rCorr:     It protects you from acid and corrosion.
 B - a ring of protection from cold
 C - a ring of wizardry
 D - a +6 ring of dexterity (right hand)
 I - a ring of ice
 V - an amulet of magic regeneration
Talismans
 b - a talisman of death
 l - a blade talisman
 x - a beast talisman
Wands
 v - a wand of flame (49)
 J - a wand of polymorph (4)
 K - a wand of roots (2)
 M - a wand of quicksilver (32)
Scrolls
 e - a scroll of summoning {unknown}
 i - 3 scrolls of teleportation
 k - 2 scrolls of enchant weapon
 q - a scroll of enchant armour {unknown}
 w - a scroll of vulnerability {unknown}
 y - 2 scrolls of brand weapon {unknown}
 G - a scroll of silence {unknown}
 H - a scroll of fog
 N - a scroll of fear {unknown}
 O - a scroll of amnesia {unknown}
 P - a scroll of acquirement {unknown}
 R - a scroll of noise {unknown}
 X - a scroll of immolation {unknown}
Potions
 f - a potion of ambrosia
 j - 3 potions of mutation
 n - 3 potions of attraction
 o - 3 potions of curing
 s - a potion of brilliance
 u - 2 potions of resistance
 L - a potion of experience {unknown}


   Skills:
 + Level 8.4 Fighting
 - Level 10.0 Short Blades
 - Level 3.0 Maces & Flails
 + Level 10.4 Armour
 - Level 5.0 Shields
 + Level 6.0 Invocations


You had 10 spell levels left.
You didn't know any spells.
Your spell library contained the following spells:

 Spells                   Type           Power      Damage    Failure   Level
 Kiss of Death            Conj/Necr      0%         2d5       99%         1
 Confusing Touch          Hex            0%         N/A       100%        3
 Dispel Undead            Necr           0%         3d6       100%        4


Dungeon Overview and Level Annotations

Branches:
Dungeon (10/15)            Temple (1/1) D:7            Lair (0/5) D:10
    Orc (0/2) D:9

Altars:
Ashenzari
Cheibriados
Dithmenos
Elyvilon
Fedhas
Gozag
Hepliaklqana
Kikubaaqudgha
Makhleb
Nemelex Xobeh
Okawaru
Qazlal
Ru
Sif Muna
Trog
Uskayaw
Vehumet
Wu Jian
Xom
Yredelemnul
Zin
The Shining One

Shops:
D:7 :   D:10 =

Annotations:
D:10 1 transporter, Joseph


Innate Abilities, Weirdness & Mutations

You are completely covered in rugged brown scales. (AC +3, +7% HP)
Armour fits poorly on your strangely shaped body.
You have a long armoured tail.
You roll when moving toward enemies. (Rampage)
Your long tongue fully drains potion bottles. (2x potion effects)
Your tongue gives you trouble enunciating. (1.5x scroll delay)


Message History

Joseph hits your two-headed ogre zombie with a +0 quarterstaff!
Your two-headed ogre zombie hits Joseph. x2
You hit the boulder beetle. You freeze the boulder beetle.
You tail-slap the boulder beetle, but do no damage.
The boulder beetle is lightly wounded.
The boulder beetle bites you!
You feel very mighty all of a sudden.
You slurp down every last drop of the potion of might!
Joseph hits your two-headed ogre zombie with a +0 quarterstaff.
The boulder beetle barely misses you.
You puncture the boulder beetle! You freeze the boulder beetle.
The boulder beetle is moderately wounded.
Your two-headed ogre zombie hits Joseph. x2
Joseph hits your two-headed ogre zombie with a +0 quarterstaff!!
Your two-headed ogre zombie is destroyed!
You hit the boulder beetle but do no damage.
You tail-slap the boulder beetle, but do no damage.
The boulder beetle is moderately wounded.
The boulder beetle leaps!
You roll towards the boulder beetle!
Joseph unwields a +0 quarterstaff.
Joseph wields a +0 sling.
Joseph shoots a sling bullet.
The sling bullet hits you! The boulder beetle bites you!
* * * LOW HITPOINT WARNING * * *
You hit the boulder beetle. You freeze the boulder beetle.
The boulder beetle is moderately wounded.
Joseph shoots a sling bullet.
The sling bullet hits you!
* * * LOW HITPOINT WARNING * * *
You hit the boulder beetle but do no damage.
The boulder beetle is moderately wounded.
The boulder beetle bites you.
* * * LOW HITPOINT WARNING * * *
As you slowly read the scroll of fog, it dissolves into smoke.
Joseph shoots a sling bullet.
You block the sling bullet.
The boulder beetle completely misses you.
Joseph shoots a sling bullet.
The sling bullet hits you.
* * * LOW HITPOINT WARNING * * *
As you slowly read the scroll of teleportation, it crumbles to dust.
You feel strangely unstable. The boulder beetle bites you!
You die...
Your body rises from the dead as a mindless zombie.

######### #........
#.Z[.†.!. #Z....... #
#.#########.#
#@#.........#
#.....§§§...#
###...§@B...#
#...§§§§§.#
#.....§§..#
#.....§...#
#.........#
#.........#
#.........# ###
#.........##########..
#...........).........


You could see a boulder beetle and Joseph.

Vanquished Creatures
  3 two-headed ogres (D:10)
  An unseen horror zombie (D:8)
  A troll (D:10)
  A shadow (D:9)
  A wyvern (D:8)
  A yak (D:8)
  Duvessa (D:6)
  3 ice beasts
  3 orc warriors
  A black bear (D:4)
  5 sky beasts
  An ogre (D:5)
  2 centaurs
  5 phantoms
  5 kobold brigands
  Blork the orc (D:6)
  A bullfrog (D:7)
  3 necrophages (D:8)
  A scorpion (D:6)
  5 wights
  Dowan (D:6)
  A killer bee (D:8)
  4 howler monkeys
  A centaur zombie (D:8)
  2 gnoll boudas (D:8)
  A jelly (D:5)
  2 sleepcaps
  Jessica (D:3)
  4 iguanas
  2 orc wizards
  6 ogre zombies (D:9)
  A howler monkey zombie (D:8)
  6 gnolls
  6 adders
  2 shadow imps
  A white imp (D:5)
  A worm (D:4)
  5 dart slugs
  15 orcs
  4 ball pythons
  3 bats
  2 bat skeletons (D:3)
  3 bat zombies (D:3)
  5 endoplasms
  3 giant cockroaches (D:6)
  5 goblins
  9 hobgoblins
  4 jackals (D:1)
  4 quokkas
  3 frilled lizards (D:1)
  3 goblin zombies (D:9)
  2 hobgoblin skeletons (D:9)
  A hobgoblin zombie (D:9)
  24 kobolds
  2 orc skeletons (D:9)
  11 orc zombies (D:9)
  7 rats
202 creatures vanquished.

Vanquished Creatures (collateral kills)
  A centaur warrior (D:8)
  Maggie (D:8)
  2 wyverns
  4 wights (D:10)
  A howler monkey (D:8)
  An orc priest (D:8)
  An orc wizard (D:8)
  A gnoll (D:8)
  An orc (D:9)
  3 kobolds
16 creatures vanquished.

Vanquished Creatures (others)
  2 two-headed ogre zombies (D:10)
  A wyvern zombie (D:8)
  A yak zombie (D:8)
  A troll zombie (D:10)
  A centaur zombie (D:8)
  A sky beast zombie (D:8)
  2 howler monkey zombies (D:8)
  A gnoll zombie (D:8)
  5 orc zombies
  10 kobold zombies
25 creatures vanquished.

Grand Total: 243 creatures vanquished

Notes
Turn   | Place    | Note
-------+----------+-------------------------------------------
     0 | D:1      | cheesebisquit the Armataur Fighter began the quest for the
                  | Orb.
     0 | D:1      | Reached XP level 1. HP: 19/19 MP: 1/1
   248 | D:1      | Reached XP level 2. HP: 26/26 MP: 2/2
   892 | D:1      | Found a faded altar of an unknown god.
   991 | D:2      | Reached XP level 3. HP: 32/33 MP: 3/3
  1126 | D:2      | Identified the +5 dagger "Gaop" {freeze, +Blink rN++
                  | Will+++}
  1229 | D:2      | Reached XP level 4. HP: 40/40 MP: 4/4
  1557 | D:3      | Noticed Jessica
  1567 | D:3      | Killed Jessica
  1568 | D:3      | Reached skill level 1 in Short Blades
  1935 | D:3      | Found an ancient bone altar of Kikubaaqudgha.
  2196 | D:4      | Identified the ring "Gitiulo" {Ice Fly rPois rCorr}
  2205 | D:4      | Noticed a black bear
  2220 | D:4      | Killed a black bear
  2221 | D:4      | Reached XP level 5. HP: 9/49 MP: 5/5
  2355 | D:4      | Found a sacrificial altar of Ru.
  2473 | D:4      | Found a snail-covered altar of Cheibriados.
  2785 | D:5      | Entered Level 5 of the Dungeon
  2817 | D:5      | Reached XP level 6. HP: 55/55 MP: 6/6
  3083 | D:5      | Reached skill level 5 in Shields
  3175 | D:5      | Reached XP level 7. HP: 58/63 MP: 7/7
  3767 | D:6      | Noticed Duvessa
  3769 | D:6      | Noticed Dowan
  3775 | D:6      | Killed Duvessa
  3786 | D:6      | Reached skill level 5 in Short Blades
  3794 | D:6      | Killed Dowan
  3849 | D:6      | Reached skill level 5 in Fighting
  3942 | D:6      | Reached XP level 8. HP: 61/72 MP: 8/8
  4424 | D:6      | Noticed Blork the orc
  4429 | D:6      | Killed Blork the orc
  4617 | D:7      | Found Fesmav's Self-Improvement Boutique.
  4718 | D:7      | Found a staircase to the Ecumenical Temple.
  4733 | Temple   | Entered the Ecumenical Temple
  4747 | Temple   | Became a worshipper of Yredelemnul the Dark
  4809 | D:7      | Reached skill level 1 in Invocations
  4865 | D:7      | Reached * piety under Yredelemnul
  4918 | D:7      | Found a shimmering blue altar of Sif Muna.
  5521 | D:8      | Reached XP level 9. HP: 75/82 MP: 10/10
  5562 | D:8      | Found a shadowy altar of Dithmenos.
  5789 | D:8      | Reached ** piety under Yredelemnul
  5797 | D:8      | Noticed Maggie
  5809 | D:8      | Killed Maggie
  5944 | D:8      | Reached skill level 5 in Armour
  6042 | D:8      | Noticed a centaur warrior
  6066 | D:8      | HP: 4/83 [centaur warrior/arrow (27)]
  6091 | D:8      | Killed a centaur warrior
  6243 | D:8      | Reached XP level 10. HP: 92/92 MP: 12/12
  6411 | D:8      | Found a burning altar of Makhleb.
  6453 | D:8      | Found a blossoming altar of Fedhas.
  6840 | D:8      | Found a shadowy altar of Dithmenos.
  7238 | D:8      | Found a burning altar of Makhleb.
  7314 | D:8      | Found a blossoming altar of Fedhas.
  7610 | D:8      | Found a shadowy altar of Dithmenos.
  8110 | D:8      | Found a blossoming altar of Fedhas.
  8812 | D:9      | Found a staircase to the Orcish Mines.
  9113 | D:10     | Entered Level 10 of the Dungeon
  9130 | D:10     | Noticed a two-headed ogre
  9141 | D:10     | Killed a two-headed ogre
  9141 | D:10     | Reached *** piety under Yredelemnul
  9142 | D:10     | Reached skill level 10 in Short Blades
  9142 | D:10     | Reached skill level 5 in Invocations
  9194 | D:10     | Identified the +0 leather armour of Patterns {Harm Will+
                  | rCorr Str-5}
  9237 | D:10     | Noticed a two-headed ogre
  9251 | D:10     | Killed a two-headed ogre
  9257 | D:10     | HP: 4/94 [wight/+4 great sword (9)]
  9392 | D:10     | Found a staircase to the Lair.
  9410 | D:10     | Noticed a two-headed ogre
  9427 | D:10     | Killed a two-headed ogre
  9428 | D:10     | Reached skill level 10 in Armour
  9428 | D:10     | Reached XP level 11. HP: 50/101 MP: 15/15
  9493 | D:10     | Found Madibb's Jewellery Shoppe.
  9498 | D:10     | Bought a +6 ring of dexterity for 468 gold pieces
  9568 | D:10     | Found a sparkling altar of Nemelex Xobeh.
  9568 | D:10     | Found a transporter.
  9569 | D:10     | a tarantella changed into a swamp dragon
  9569 | D:10     | Noticed a swamp dragon (shapeshifter)
  9570 | D:10     | Noticed a green ugly thing
  9616 | D:10     | Noticed Joseph
  9617 | D:10     | Noticed a boulder beetle
  9642 | D:10     | HP: 2/101 [Joseph/sling bullet (5)]
  9643 | D:10     | Mangled by a boulder beetle

Illustrated notes

Levels and vault maps discovered:
D:1:      minmay_arrival_four_circles, layout_loops_corners,
          dreamdust_ecumenical_altar_hidden_monk_grotto
D:2:      layout_basic, nicolae_underground_beach
D:3:      layout_loops_cross, kennysheep_vampire_church, serial_park_tiny_2,
          minmay_distorted, uniq_jessica
D:4:      layout_cave_pools, slow_altar_1, nicolae_ru_sacrificial_ziggurat,
          minmay_misc_feat_rugged, minmay_misc_feat_alley
D:5:      layout_gridville, saegor_snake_ambush
D:6:      minmay_spotlight, layout_loops_corners, gup_sewer_entry_spiral,
          small_statue_intersection, kennysheep_path_1, uniq_blork_the_orc,
          uniq_duvessa
D:7:      layout_basic, lemuel_blue_sif_altar, minmay_temple_entry_junction_2,
          nicolae_shop_self_help
D:8:      layout_loops_ring, mainiacjoe_overflow_24_doors,
          fedhas_altar_decomposition, mainiacjoe_overflow_catwalk,
          minmay_manual_macuahuitl, uniq_maggie
D:9:      layout_gridville, zombieorc1_lemuel
D:10:     layout_cross, grunt_nemelex_the_gamble, lair_entry_dummy,
          serial_shops, nicolae_shop_hallway_plus, minmay_misc_feat_plants,
          nzn_sisyphean_effort, uniq_joseph
Temple:   nicolae_temple_bog_church

Skill      XL: |  1  2  3  4  5  6  7  8  9 10 |
---------------+-------------------------------+-----
Maces & Flails | 2 3 |  3.0
Fighting       | 3 4 5 6 7 8 |  8.4
Short Blades   | 2 3 5 7 9 10 | 10.0
Shields        | 4 5 |  5.0
Armour         | 4 6 10 | 10.4
Invocations    | 1 3 6 |  6.0

Action                     |  1- 3 |  4- 6 |  7- 9 | 10-12 || total
---------------------------+-------+-------+-------+-------++-------
  Melee: Flail             |    67 |       |       |       ||    67
         Tailslap          |     5 |    16 |    61 |    67 ||   149
         Dagger            |    10 |   136 |   429 |   336 ||   911
  Throw: Dart              |       |       |     5 |     1 ||     6
         Boomerang         |       |       |     1 |       ||     1
Ability: Evoke Blink       |       |     1 |       |       ||     1
  Evoke: Wand              |       |       |     1 |       ||     1
    Use: Potion            |     1 |     1 |     5 |     1 ||     8
         Scroll            |       |     5 |     5 |     7 ||    17
   Stab: Distracted        |       |       |     1 |     2 ||     3
 Armour: Scale mail        |    35 |    91 |       |       ||   126
         Chain mail        |       |    15 |   156 |       ||   171
         Ring mail         |       |       |    94 |    37 ||   131
         Plate armour      |       |       |       |   141 ||   141
  Dodge: Dodged            |    20 |    35 |    72 |    41 ||   168
  Block: Buckler           |     7 |    20 |    53 |    33 ||   113

Table legend: (Time is in decaauts)
 A = Elapsed time spent in this place.
 B = Non-inter-level travel time spent in this place.
 C = Inter-level travel time spent in this place.
 D = Time resting spent in this place.
 E = Time spent auto-exploring this place.
 F = Levels seen in this place.
 G = Mean time per level.
                   A        B        C        D        E       F      G
               +--------+--------+--------+--------+--------+-----+--------+
         Total |   9334 |   9051 |    283 |     18 |   7314 |  11 |  848.5 |
       Dungeon |   9305 |   9048 |    257 |     18 |   7314 |  10 |  930.5 |
        Temple |     28 |      2 |     26 |      0 |      0 |   1 |   28.0 |
               +--------+--------+--------+--------+--------+-----+--------+

Top non-repeatable levels by time:
     D:8: 2604 daAuts
     D:6: 1096 daAuts
     D:1: 942 daAuts
     D:7: 869 daAuts
     D:9: 810 daAuts
     D:3: 669 daAuts
     D:5: 629 daAuts
     D:4: 597 daAuts
     D:2: 591 daAuts
    D:10: 495 daAuts
  Temple: 28 daAuts
